 Dungeon Crawl Stone Soup version 0.30-b1-2-g02819fbbbe (webtiles) character file.

Game seed: 318886771449591362

8 Alarkh the Shooter (level 2, 22/22 HPs)
             Began as a Demonspawn Hunter on May 25, 2023.
             Got out of the dungeon alive.
             The game lasted 00:00:43 (373 turns).

Alarkh the Shooter (Demonspawn Hunter)               Turns: 373, Time: 00:00:44

Health: 22/22      AC:  3    Str: 11    XL:     2   Next: 0%
Magic:  2/2        EV: 11    Int: 10    God:
Gold:   0          SH:  0    Dex: 16    Spells: 1/1 levels left

rFire   . . .        a - +0 shortbow
rCold   . . .        (shield currently unavailable)
rNeg    . . .        c - +0 leather armour
rPois   .            (no helmet)
rElec   .            (no cloak)
rCorr   .            (no gloves)
SInv    .            (no boots)
Will    .....        (no amulet)
Stlth   +            (no ring)
HPRegen 0.23/turn    (no ring)
MPRegen 0.08/turn

%: no passive effects
@: no status effects
A: ignite blood 1
a: no special abilities


You escaped.
You visited 1 branch of the dungeon, and saw 1 of its levels.

Inventory:

Hand Weapons
 a - a +0 shortbow (weapon)
Armour
 c - a +0 leather armour (worn)
Jewellery
 e - a ring of ice
 f - a ring of poison resistance
Scrolls
 b - a scroll of immolation
 d - a scroll of fog {unknown}


   Skills:
 - Level 2.0 Fighting
 + Level 4.0 Ranged Weapons
 - Level 1.7 Dodging
 - Level 0.8 Stealth


You had one spell level left.
You didn't know any spells.
Your spell library was empty.

Dungeon Overview and Level Annotations

Branches:
Dungeon (1/15)

Altars:


Innate Abilities, Weirdness & Mutations

Your demonic aura sometimes causes spilled blood to erupt in flames.


Message History

f - a ring of poison resistance You open the door.
There is an open door here.
There is an open door here.
There is an open door here.
You open the door.
Found a kite shield.
No target in view!
There is an open door here.
You open the door.
There is an open door here.
A goblin comes into view. It is wielding a +0 dagger.
A goblin is nearby!
You shoot an arrow.
The arrow hits the goblin but does no damage.
The goblin shouts!
You shoot an arrow. The arrow closely misses the goblin.
A goblin is nearby!
You shoot an arrow. The arrow closely misses the goblin.
You shoot an arrow. The arrow barely misses the goblin.
You shoot an arrow. The arrow hits the goblin.
You kill the goblin!
Your Ranged Weapons skill increases to level 4!
No target in view!
You see here a +0 dagger.
A rat comes into view.
Found a great sword.
You shoot an arrow. The arrow hits the rat!
You kill the rat!
You have reached level 2!
Your demonic ancestry asserts itself...
Your blood heats up.
You see here a +0 dagger.
There is an open door here.
There is an open door here.
You see here a +0 club.
There is an escape hatch in the floor here.
There is a staircase leading out of the dungeon here.
Are you sure you want to leave the Dungeon?
This will make you lose the game!
You have escaped!

... #+# ... ##.## #.#
##...## #.#
#####.....########.##
....................##
#....∩....#######..#
#.........# ##..#
#....@....# ##..##
#....>....# #....###
#..⌠...⌠..# #.#...#.
#.........# ####.†..
######## ##.......##
##._. )......#
####.#### ####.÷..
######.# #.#
####.#...#. # #.#
####.# #.......### #
####.######.##.#
#.###..##


There were no monsters in sight!

Vanquished Creatures
  3 ball pythons (D:1)
  2 goblins (D:1)
  A kobold (D:1)
  A rat (D:1)
7 creatures vanquished.

Notes
Turn   | Place    | Note
-------+----------+-------------------------------------------
     0 | D:1      | Alarkh the Demonspawn Hunter began the quest for the Orb.
     0 | D:1      | Reached XP level 1. HP: 16/16 MP: 1/1
    15 | D:1      | Found a faded altar of an unknown god.
   272 | D:1      | Reached skill level 4 in Ranged Weapons
   301 | D:1      | Gained mutation: Your demonic aura sometimes causes spilled
                  | blood to erupt in flames. [demonic ancestry]
   301 | D:1      | Reached XP level 2. HP: 22/22 MP: 2/2
   373 | D:$      | Got out of the dungeon alive.

Illustrated notes

Levels and vault maps discovered:
D:1:      wander_arrival_desolate, layout_loops_corners,
          nicolae_ecumenical_snake_handling, serial_shops, shop, shop, shop,
          shop, ebering_dispersal_statue_hall, minmay_pentomino_p4

Skill      XL: |  1 |
---------------+----+-----
Ranged Weapons | 4 |  4.0
Fighting       | |  2.0
Dodging        | |  1.7
Stealth        | |  0.8

Action                     || total
---------------------------++-------
   Fire: Shortbow          ||    16
  Dodge: Dodged            ||     4
